 Dungeon Crawl Stone Soup version 0.28.0 (webtiles) character file.

Game seed: 7207407673773216666

1250 crazypyro the Cleaver (level 8, -12/69 HPs)
             Began as a Minotaur Fighter on Feb 8, 2022.
             Was an Initiate of Gozag.
             Mangled by Duvessa (15 damage)
             ... on level 7 of the Dungeon.
             The game lasted 00:04:13 (5314 turns).

crazypyro the Cleaver (Minotaur Fighter)            Turns: 5314, Time: 00:04:13

Health: -12/69     AC:  9    Str: 23    XL:     8   Next: 26%
Magic:  7/7        EV: 10    Int:  5    God:    Gozag
Gold:   104        SH:  6    Dex: 16    Spells: 7/7 levels left

rFire   . . .      SeeInvis .   a - +0 war axe
rCold   . . .      Faith    .   c - +0 buckler
rNeg    . . .      Spirit   .   r - +0 ring mail {rPois}
rPois   +          Reflect  .   (helmet restricted)
rElec   .          Harm     .   g - +0 cloak
rCorr   .          Rampage  .   q - +1 pair of gloves
Will    .....                   (no boots)
Stlth   +.........              (no amulet)
HPRegen 0.21/turn               p - +6 ring of dexterity
MPRegen 0.10/turn               (no ring)

@: gold aura
A: horns 2, retaliatory headbutt
a: Renounce Religion, Potion Petition, Call Merchant, Bribe Branch


You were on level 7 of the Dungeon.
You worshipped Gozag.
Gozag was aware of your devotion.
You visited 1 branch of the dungeon, and saw 7 of its levels.

You collected 325 gold pieces.
You spent 104 gold pieces at shops.
You paid 117 gold pieces to Gozag.

Inventory:

Hand Weapons
 a - a +0 war axe (weapon)
Armour
 c - a +0 buckler (worn)
 g - a +0 cloak (worn)
 q - a +1 pair of gloves (worn)
 r - a +0 ring mail of poison resistance (worn)
Jewellery
 p - a +6 ring of dexterity (left hand)
Scrolls
 b - 3 scrolls of torment {unknown}
 f - 6 scrolls of identify {unknown}
 h - a scroll of summoning {unknown}
 j - a scroll of teleportation {unknown}
 o - a scroll of acquirement {unknown}
Potions
 d - a potion of might
 e - 2 potions of magic {unknown}
 i - a potion of flight {unknown}
 k - 2 potions of attraction {unknown}
 l - 3 potions of curing {unknown}
 m - a potion of degeneration {unknown}
 n - a potion of haste {unknown}
 s - a potion of invisibility {unknown}


   Skills:
 - Level 5.5 Fighting
 * Level 9.7 Axes
 - Level 5.6 Armour
 - Level 5.5 Shields


You had 7 spell levels left.
You didn't know any spells.
Your spell library contained the following spells:

 Spells                   Type           Power      Damage    Failure   Level
 Beastly Appendage        Tmut           0%         N/A       71%         1
 Wereblood                Tmut           0%         N/A       83%         2
 Spider Form              Tmut/Pois      0%         N/A       97%         3


Dungeon Overview and Level Annotations

Branches:
Dungeon (6/15)
 Temple: D:4-7

Altars:
Ashenzari
Cheibriados
Fedhas
Gozag
Ru
Uskayaw

Shops:
D:1 [   D:4 *

Annotations:
D:5 1 runed translucent door, RBrandon's ghost, amateur GrCA
D:6 Sigmund
D:7 Duvessa


Innate Abilities, Weirdness & Mutations

You have a pair of horns on your head.
You reflexively headbutt those who attack you in melee.


Message History

You kill Dowan!
Duvessa screams, "No!
How DARE you!"
Duvessa goes berserk!
You block Duvessa's attack.
The centaur unwields a +0 shortbow.
The centaur barely misses you. The centaur kicks you.
The iguana barely misses you. Duvessa hits you with a +0 short sword!
You slash Duvessa! Your headbutt misses Duvessa.
Duvessa is severely wounded.
You slash the iguana! You slash the centaur! The centaur hits you.
The centaur kicks you but does no damage.
You block Duvessa's attack. The iguana bites you!
The centaur hits you but does no damage.
The centaur closely misses you.
You are too injured to fight recklessly!
You are too injured to fight recklessly!
You slash Duvessa!
Duvessa is almost dead.
You barely miss the centaur. You slash the iguana!
You kill the iguana!
Duvessa hits you with a +0 short sword. You block the centaur's attack. x2
Duvessa hits you with a +0 short sword!
* * * LOW HITPOINT WARNING * * *
You hit Duvessa but do no damage.
Duvessa is almost dead.
You slash the centaur! The centaur barely misses you. You furiously retaliate!
You headbutt the centaur!
You kill the centaur!
You block Duvessa's attack.
You barely miss Duvessa.
Duvessa is almost dead.
Duvessa hits you with a +0 short sword!
* * * LOW HITPOINT WARNING * * *
Duvessa hits you with a +0 short sword.
* * * LOW HITPOINT WARNING * * *
Unknown command.
You hit Duvessa. You headbutt Duvessa.
Duvessa is almost dead.
Duvessa hits you with a +0 short sword!
You die...
Your body crumbles into a pile of gold.

$ .............
..........⌠. $
...........
####..........
##............#
#..............
#.....$e$..##
#...@$...#
##..........
##...........
#............
##..(........
#............
#..##...#..#.
#########.##


You could see Duvessa (berserk).

Vanquished Creatures
  A water moccasin (D:5)
  A necrophage (D:6)
  2 ogres (D:4)
  2 centaurs
  A bullfrog (D:7)
  2 scorpions
  A water moccasin skeleton (D:5)
  Dowan (D:7)
  A bullfrog zombie (D:3)
  2 hounds (D:6)
  A jelly (D:5)
  4 iguanas
  3 orc wizards
  3 gnolls (D:4)
  4 adders
  A white imp (D:5)
  An ufetubus (D:3)
  An adder skeleton (D:5)
  A worm (D:2)
  3 dart slugs
  13 orcs
  11 ball pythons
  6 endoplasms
  3 giant cockroaches
  A goblin (D:4)
  6 hobgoblins
  A quokka (D:1)
  5 bats
  3 frilled lizards
  15 kobolds
  6 rats
106 creatures vanquished.

Notes
Turn   | Place    | Note
-------+----------+-------------------------------------------
     0 | D:1      | crazypyro the Minotaur Fighter began the quest for the Orb.
     0 | D:1      | Reached XP level 1. HP: 19/19 MP: 0/0
    66 | D:1      | Found Gutut's Armour Emporium.
   170 | D:1      | Reached XP level 2. HP: 25/27 MP: 1/1
  1117 | D:2      | Reached skill level 3 in Axes
  1193 | D:2      | Reached XP level 3. HP: 32/33 MP: 2/2
  1520 | D:3      | Found a broken altar of Ashenzari.
  1541 | D:3      | Found a hide-covered altar of Uskayaw.
  1541 | D:3      | Found a blossoming altar of Fedhas.
  1542 | D:3      | Found a sacrificial altar of Ru.
  1628 | D:3      | Reached XP level 4. HP: 39/41 MP: 3/3
  1979 | D:3      | Reached XP level 5. HP: 44/47 MP: 4/4
  1995 | D:3      | Found a snail-covered altar of Cheibriados.
  2279 | D:4      | Reached skill level 4 in Axes
  2557 | D:4      | Reached skill level 5 in Fighting
  2557 | D:4      | Reached skill level 5 in Armour
  2557 | D:4      | Reached skill level 5 in Shields
  2970 | D:1      | Bought a +0 ring mail of poison resistance for 104 gold
                  | pieces
  3115 | D:4      | Found Xaetuzoi's Neck Hole.
  3366 | D:4      | Reached XP level 6. HP: 44/56 MP: 5/5
  3866 | D:5      | Entered Level 5 of the Dungeon
  3894 | D:5      | Reached skill level 5 in Axes
  3951 | D:5      | Reached skill level 6 in Axes
  3951 | D:5      | Reached XP level 7. HP: 43/61 MP: 6/6
  4146 | D:5      | Found an opulent altar of Gozag.
  4635 | D:5      | Became a worshipper of Gozag Ym Sagoz the Greedy
  4655 | D:6      | Noticed Sigmund
  4659 | D:6      | Reached skill level 7 in Axes
  5028 | D:5      | Found a runed translucent door.
  5031 | D:5      | Noticed RBrandon's ghost (amateur GrCA)
  5210 | D:6      | Reached skill level 8 in Axes
  5211 | D:6      | Reached XP level 8. HP: 68/69 MP: 7/7
  5225 | D:6      | You fall into a shaft and drop 1 floor!
  5236 | D:7      | Reached skill level 9 in Axes
  5303 | D:7      | Noticed Duvessa
  5304 | D:7      | Noticed Dowan
  5309 | D:7      | Killed Dowan
  5313 | D:7      | HP: 3/69 [Duvessa (5)]
  5314 | D:7      | Mangled by Duvessa

Illustrated notes

Levels and vault maps discovered:
D:1:      eino_arrival_water_cross, layout_rooms, serial_shops, shop
D:2:      layout_loops_corners
D:3:      layout_basic, ashenzari_altar_1, cheibriados_altar_1,
          chequers_temple_overflow_statue_of_worship, kennysheep_small_spiral
D:4:      layout_basic, nicolae_shop_sticking_my_neck_out
D:5:      layout_cave_pods, mainiacjoe_overflow_boulevard,
          ebering_ghost_inner_flame
D:6:      layout_loops_ring, uniq_sigmund
D:7:      layout_cave_pools, tso_oasis_becter, temple_fountains,
          gammafunk_ghost_wrathful_warriors, uniq_pikel, uniq_prince_ribbit1,
          uniq_duvessa

Skill      XL: |  1  2  3  4  5  6  7  8 |
---------------+-------------------------+-----
Fighting       | 4 5 |  5.5
Shields        | 4 5 |  5.5
Armour         | 4 5 |  5.6
Axes           | 3 4 6 8 9 |  9.7

Action                   |  1- 3 |  4- 6 |  7- 9 || total
-------------------------+-------+-------+-------++-------
Melee: War axe           |    82 |    96 |    51 ||   229
       Headbutt          |    10 |    17 |    11 ||    38
 Stab: Distracted        |       |       |     1 ||     1
Armor: Scale mail        |    41 |    33 |       ||    74
       Ring mail         |       |    14 |    18 ||    32
Dodge: Dodged            |    39 |    46 |    26 ||   111
Block: Buckler           |    15 |    18 |    16 ||    49
